 Dungeon Crawl Stone Soup version 0.29.1-15-g9cfb28693d (webtiles) character file.

Game seed: 534109420174914049

35 H0rd4k the Charlatan (level 3, -2/24 HPs)
             Began as an Octopode Artificer on Mar 20, 2023.
             Killed by nerve-wracking pain
             ... invoked by Jessica
              (14 damage)
             ... on level 2 of the Dungeon.
             The game lasted 00:01:01 (1813 turns).

H0rd4k the Charlatan (Octopode Artificer)           Turns: 1813, Time: 00:01:03

Health: -2/24      AC:  1    Str: 11    XL:     3   Next: 35%
Magic:  13/13      EV: 13    Int: 15    God:
Gold:   87         SH:  0    Dex: 12    Spells: 4/4 levels left

rFire   . . .      SeeInvis .     - Unarmed
rCold   . . .      Faith    .   (no shield)
rNeg    . . .      Spirit   .   (helmet restricted)
rPois   .          Reflect  .   (no amulet)
rElec   .          Harm     .   l - ring of magical power
rCorr   .          Rampage  .   (no ring)
Will    .....                   (no ring)
Stlth   +++.......              (no ring)
HPRegen 0.08/turn               (no ring)
MPRegen 0.13/turn               (no ring)
                                (no ring)
                                (no ring)

@: no status effects
A: almost no armour, amphibious, 8 rings, camouflage 1, gelatinous body 1,
(nimble swimmer 1), tentacles
a: no special abilities


You were on level 2 of the Dungeon.
You visited 1 branch of the dungeon, and saw 2 of its levels.

You collected 87 gold pieces.

Inventory:

Missiles
 e - 6 poisoned darts
Jewellery
 l - a ring of magical power (left tentacle)
Wands
 b - a wand of flame (15) (quivered)
 c - a wand of charming (14)
 d - a wand of iceblast (5)
Scrolls
 a - a scroll of teleportation {unknown}
 h - a scroll of torment {unknown}
 i - a scroll of identify {unknown}
Potions
 f - 3 potions of attraction {unknown}
 g - 2 potions of curing {unknown}
 j - a potion of brilliance {unknown}
 k - 2 potions of mutation {unknown}


   Skills:
 * Level 2.2 Fighting
 - Level 2.3 Dodging
 - Level 1.3 Stealth
 + Level 1.1 Unarmed Combat
 * Level 1.2 Spellcasting
 - Level 3.2 Evocations


You had 4 spell levels left.
You didn't know any spells.
Your spell library contained the following spells:

 Spells                   Type           Power      Damage    Failure   Level
 Blade Hands              Tmut           0%         N/A       100%        5
 Irradiate                Conj/Tmut      0%         3d11      100%        5
 Dragon Form              Tmut           0%         N/A       100%        7


Dungeon Overview and Level Annotations

Branches:
Dungeon (2/15)

Altars:

Shops:
D:2 ?

Annotations:
D:2 Jessica


Innate Abilities, Weirdness & Mutations

You cannot wear most types of armour.
You are amphibious.
You can wear up to eight rings at the same time.
Your skin changes colour to match your surroundings (Stealth+).
Your rubbery body absorbs attacks. (AC +1, EV +1)
((You are camouflaged when in or above water. (Stealth+)))
You have tentacles for arms and can constrict up to eight enemies at once.


Message History

You constrict the adder. The adder closely misses you. x2
You tentacle-slap the adder.
You kill the adder!
Your Unarmed Combat skill increases to level 1!
k - 2 sedimented brown potions
l - a ring of magical power You feel your magic capacity increase.
l - a ring of magical power (left tentacle) Magic restored.
Jessica and a goblin come into view.
The goblin shouts!
Jessica shouts!
A ball python comes into view.
There are monsters nearby!
There are monsters nearby!
The goblin barely misses you.
Jessica casts a spell.
Jessica seems to speed up.
You closely miss the goblin.
The ball python hisses angrily.
You grab the goblin. You constrict the goblin. The goblin misses you.
You tentacle-slap the goblin.
You kill the goblin!
Jessica mumbles some strange words.
Jessica blinks!
Jessica mumbles some strange words.
Jessica blinks!
You see here a +0 club.
Jessica closely misses you. Jessica hits you with a +5 club!
Ouch! That really hurt!
You closely miss Jessica. Your grab misses Jessica.
You tentacle-slap Jessica, but do no damage.
Jessica barely misses you.
You tentacle-slap Jessica. You grab Jessica.
You squeeze Jessica, but do no damage.
Jessica is moderately wounded.
You constrict Jessica. Jessica casts a spell at you.
Pain shoots through your body!
Ouch! That really hurt!
You die...

######..... #..
#..... #.# #.....
#.# ..##.. #.# ###
.. #.# ..
#S##############..
#@##..............
#@##.##......##.#.
#)##.##.#.....#.#
#.##.##.#.....#.#
#.##.##.#.....#.#
#....##.###.###.#
#######.........##
#####.##....
.........
###.##+###


You could see Jessica (fast) and a ball python.

Vanquished Creatures
  An adder (D:2)
  A ball python (D:2)
  3 bats
  3 endoplasms
  3 goblins (D:2)
  6 hobgoblins (D:1)
  2 frilled lizards
  A kobold (D:1)
  4 rats (D:1)
24 creatures vanquished.

Notes
Turn   | Place    | Note
-------+----------+-------------------------------------------
     0 | D:1      | H0rd4k the Octopode Artificer began the quest for the Orb.
     0 | D:1      | Reached XP level 1. HP: 13/13 MP: 1/1
   569 | D:1      | Reached XP level 2. HP: 19/19 MP: 2/2
  1111 | D:1      | Found a faded altar of an unknown god.
  1159 | D:1      | Reached skill level 1 in Spellcasting
  1210 | D:2      | Noticed a scorpion
  1501 | D:2      | Found Ulumaih's Magic Scroll Emporium.
  1617 | D:2      | Reached XP level 3. HP: 24/24 MP: 4/4
  1702 | D:2      | Reached skill level 1 in Unarmed Combat
  1805 | D:2      | Noticed Jessica
  1813 | D:2      | Killed from afar by Jessica

Illustrated notes

Levels and vault maps discovered:
D:1:      nzn_arrival_crosshair, layout_rooms,
          shapermc_ecumenical_altar_mp_vishouse, nicolae_hexahallways,
          minmay_misc_feat_doors
D:2:      layout_basic, serial_shops, shop, kennysheep_generic_room_13,
          uniq_jessica

Skill      XL: |  1  2  3 |
---------------+----------+-----
Fighting       | 2 |  2.2
Spellcasting   | 1 |  1.2
Unarmed Combat | 1 |  1.1
Dodging        | |  2.3
Stealth        | |  1.3
Evocations     | |  3.2

Action                   || total
-------------------------++-------
Melee: Unarmed           ||    59
       Constrict         ||    19
       Tentacles         ||    14
       Punch             ||     2
Evoke: Wand              ||     1
 Stab: Sleeping          ||    12
Armor: Skin              ||     6
Dodge: Dodged            ||    34
